 Dungeon Crawl Stone Soup version 0.30-a0-168-g0b976cbdc4 (webtiles) character file.

Game seed: 6923163278361195449

105 qw the Chopper (level 4, 0/28 HPs)
             Began as a Gargoyle Fighter on Sept 29, 2022.
             Slain by a gnoll
             ... wielding a +0 halberd
              (3 damage)
             ... on level 2 of the Dungeon.
             The game lasted 00:00:39 (1656 turns).

qw the Chopper (Gargoyle Fighter)                   Turns: 1656, Time: 00:00:40

Health: 0/28       AC: 10    Str: 22    XL:     4   Next: 83%
Magic:  4/4        EV:  9    Int:  8    God:
Gold:   100        SH:  4    Dex:  9    Spells: 3/3 levels left

rFire   . . .      SeeInvis .    Y - +1 war axe
rCold   . . .      Faith    .    c - +0 buckler
rNeg    + . .      Spirit   .    b - +0 scale mail
rPois   inf        Reflect  .    (no helmet)
rElec   +          Harm     .    (no cloak)
rCorr   .          Rampage  .    (no gloves)
Will    .....                    (no boots)
Stlth   ..........               (no amulet)
HPRegen 0.09/turn                (no ring)
MPRegen 0.09/turn                (no ring)

@: no status effects
A: sickness immunity, AC +3, negative energy resistance 1, electricity
resistance, torment resistance 1, petrification resistance
a: no special abilities


You were on level 2 of the Dungeon.
You visited 1 branch of the dungeon, and saw 2 of its levels.

You collected 100 gold pieces.


Innate Abilities, Weirdness & Mutations

You are immune to sickness and miasma.
Your stone body is resilient. (AC +3)
You are immune to poison.
You resist negative energy. (rN+)
You are resistant to electric shocks. (rElec)
You are resistant to unholy torment.
You are immune to petrification.


   Skills:
 - Level 3.2 Fighting
 + Level 4.4 Axes
 - Level 3.2 Armour
 - Level 3.2 Shields


You had 3 spell levels left.
You didn't know any spells.
Your spell library was empty.

Inventory:

Hand Weapons
 f - a +0 flail
 Y - a +1 war axe (weapon)
Armour
 b - a +0 scale mail (worn)
 c - a +0 buckler (worn)
Jewellery
 e - an amulet of reflection
 h - a ring of resist corrosion
Scrolls
 a - a scroll of vulnerability {unknown}
Potions
 d - a potion of might
 g - a potion of flight {unknown}
 i - a potion of degeneration {unknown}
 j - a potion of curing {unknown}

Dungeon Overview and Level Annotations

Branches:
Dungeon (2/15)

Altars:


Message History

You kill the endoplasm!
You hit the goblin. You slash the gnoll! The goblin closely misses you.
The gnoll closely misses you. The gnoll hits you but does no damage.
The gnoll closely misses you. The gnoll hits you but does no damage.
An endoplasm comes into view.
You slice the gnoll!!
You kill the gnoll!
You miss the frilled lizard. You hit the goblin.
You kill the goblin!
You closely miss the gnoll. The gnoll barely misses you.
The gnoll closely misses you.
The frilled lizard bites you but does no damage.
The gnoll closely misses you. The gnoll barely misses you.
The frilled lizard bites you but does no damage.
The gnoll hits you but does no damage. x2
You slash the gnoll!
You kill the gnoll!
You hit the frilled lizard.
You kill the frilled lizard!
The gnoll barely misses you. You block the gnoll's attack.
You barely miss the goblin. The gnoll completely misses you.
The gnoll hits you from afar with a +0 spear.
The goblin hits you with a +0 club.
You closely miss the goblin. The goblin hits you but does no damage.
The gnoll hits you from afar with a +0 halberd.
The gnoll closely misses you. The gnoll barely misses you.
The goblin hits you with a +0 club.
The gnoll hits you from afar with a +0 halberd.
The endoplasm freezes you.
You are frozen.
You slash the endoplasm!
You kill the endoplasm!
You slash the goblin!
You kill the goblin!
You block the gnoll's attack.
The gnoll hits you from afar with a +0 halberd.
You die...

#####....# .#
...... #..###
.# ...... #..#
.# ......# #..#
....... #..#
.......##..#
.......#...#
.......#.#.#
#####
#....)@.#.#
....#
#...g))%#.#
..#.#
#....g.....
..#.#
#.###.###.#
....# #.. #.#
... ....###
#.####.# ...#
....).###
....... ...
###.#...#
......# .#.
#.###.##......#


You could see 2 gnolls.

Vanquished Creatures
  2 gnolls (D:2)
  3 adders (D:2)
  A dart slug (D:2)
  2 ball pythons (D:1)
  6 bats
  6 endoplasms
  A giant cockroach (D:1)
  7 goblins
  6 hobgoblins
  4 jackals (D:1)
  4 kobolds
  A quokka (D:2)
  3 frilled lizards
  9 rats
55 creatures vanquished.

Notes
Turn   | Place    | Note
-------+----------+-------------------------------------------
     0 | D:1      | qw the Gargoyle Fighter began the quest for the Orb.
     0 | D:1      | Reached XP level 1. HP: 14/14 MP: 1/1
     0 | D:1      | 0 ||| qw: Version: 0.2-a-12-gaebbb33
     0 | D:1      | 0 ||| qw: Game counter: 1114
     0 | D:1      | 0 ||| qw: Always use a shield: true
     0 | D:1      | 0 ||| qw: God list: Okawaru
     0 | D:1      | 0 ||| qw: Allow faded altars: false
     0 | D:1      | 0 ||| qw: Do Orc after D:15 true
     0 | D:1      | 0 ||| qw: Do second Lair branch before Depths: true
     0 | D:1      | 0 ||| qw: Lair rune preference: random
     0 | D:1      | 0 ||| qw: Plans: Normal, Zot:1-4, God:TSO, Crypt, Tomb,
                  | Pan, Slime:5, Hells, Abyss, Orb
     0 | D:1      | 0 ||| PLANNING D:1-11
   179 | D:1      | Reached skill level 2 in Axes
   317 | D:1      | 317 ||| Stepping ~*~*~tactically~*~*~ (stealth).
   370 | D:1      | 370 ||| Stepping ~*~*~tactically~*~*~ (stealth).
   374 | D:1      | 374 ||| Stepping ~*~*~tactically~*~*~ (stealth).
   378 | D:1      | Reached XP level 2. HP: 19/19 MP: 2/2
   378 | D:1      | 378 ||| Stepping ~*~*~tactically~*~*~ (stealth).
   386 | D:1      | 386 ||| Stepping ~*~*~tactically~*~*~ (stealth).
   387 | D:1      | 387 ||| Stepping ~*~*~tactically~*~*~ (stealth).
   432 | D:1      | Reached skill level 3 in Axes
   597 | D:1      | 597 ||| Stepping ~*~*~tactically~*~*~ (stealth).
   628 | D:1      | Reached XP level 3. HP: 22/23 MP: 3/3
   649 | D:1      | 649 ||| Stepping ~*~*~tactically~*~*~ (stealth).
   658 | D:1      | 658 ||| DROPPING +0 club.
   666 | D:1      | 666 ||| Stepping ~*~*~tactically~*~*~ (stealth).
   672 | D:1      | 672 ||| Stepping ~*~*~tactically~*~*~ (stealth).
   673 | D:1      | 673 ||| Stepping ~*~*~tactically~*~*~ (stealth).
   675 | D:1      | 675 ||| Stepping ~*~*~tactically~*~*~ (stealth).
   812 | D:1      | Found a faded altar of an unknown god.
   897 | D:1      | 897 ||| Stepping ~*~*~tactically~*~*~ (stealth).
  1146 | D:1      | 1146 ||| READING scroll labelled JOMUR TUOTACOY.
  1147 | D:1      | 1147 ||| READING scroll labelled DIQIUNK FOAFY.
  1148 | D:1      | 1148 ||| READING scroll labelled QOMMOOPTAKO.
  1149 | D:1      | 1149 ||| READING scroll labelled KEDGHA EPRO.
  1176 | D:2      | 1176 ||| Stepping ~*~*~tactically~*~*~ (stealth).
  1476 | D:2      | Reached XP level 4. HP: 28/28 MP: 4/4
  1495 | D:2      | 1495 ||| DROPPING +0 whip.
  1564 | D:2      | Reached skill level 4 in Axes
  1647 | D:2      | 1647 ||| Stepping ~*~*~tactically~*~*~ (hiding).
  1655 | D:2      | HP: 4/28 [gnoll/+0 halberd (6)]
  1656 | D:2      | Slain by a gnoll

Levels and vault maps discovered:
D:1:      nicolae_arrival_somewhat_less_tricky_arrival, layout_loops_ring,
          shapermc_ecumenical_altar_pompeii, minmay_pentomino_q2
D:2:      layout_basic, st_stairs_3

Skill      XL: |  1  2  3  4 |
---------------+-------------+-----
Axes           | 2 3 4 |  4.4
Fighting       | |  3.2
Armour         | |  3.2
Shields        | |  3.2

Action                   |  1- 3 |  4- 6 || total
-------------------------+-------+-------++-------
Melee: War axe           |   105 |    25 ||   130
  Use: Scroll            |     4 |       ||     4
Armor: Scale mail        |    69 |    17 ||    86
Dodge: Dodged            |    64 |    17 ||    81
Block: Buckler           |    19 |     8 ||    27

Table legend:
 A = Non-vault XP
 B = Vault XP
 C = Vault XP percentage of total XP
 D = Non-vault monster count
 E = Vault monster count
 F = Vault count percentage of total count
                 A         B        C        D         E       F
            +---------+---------+-------+---------+---------+-------
      Total |     149 |       6 |   3.9 |      50 |       5 |   9.1
            +---------+---------+-------+---------+---------+-------
        D:1 |      50 |       2 |   3.8 |      29 |       2 |   6.5
        D:2 |      99 |       4 |   3.9 |      21 |       3 |  12.5
            +---------+---------+-------+---------+---------+-------
